 Seeded DCSS version 0.30.1-4-g462c640d31 (webtiles) character file.

Game seed: 20230804 (custom seed)

25 AccursedSamuel the Sneak (level 3, 0/23 HPs)
             Began as a Tengu Delver on Aug 10, 2023.
             Slain by a ball python (3 damage)
             ... on level 4 of the Dungeon.
             The game lasted 00:01:14 (142 turns).

AccursedSamuel the Sneak (Tengu Delver)              Turns: 142, Time: 00:01:16

Health: 0/23       AC:  3    Str: 14    XL:     3   Next: 6%
Magic:  4/4        EV:  9    Int: 13    God:
Gold:   0          SH:  0    Dex: 15    Spells: 2/2 levels left

rFire   . . .        i - +1 war axe of Kemuffou {freeze, Int+3}
rCold   . . .        (no shield)
rNeg    . . .        b - +0 leather armour
rPois   .            (helmet restricted)
rElec   .            (no cloak)
rCorr   .            (no gloves)
SInv    .            (boots unavailable)
Will    .....        (no amulet)
Stlth   ++           (no ring)
HPRegen 0.23/turn    (no ring)
MPRegen 0.09/turn

%: no passive effects
@: constricted, very slow
A: beak, talons 3
a: no special abilities


You were on level 4 of the Dungeon.
You visited 1 branch of the dungeon, and saw 2 of its levels.

Inventory:

Hand Weapons
 a - a +0 falchion
 i - the +1 war axe of Kemuffou (weapon) {freeze, Int+3}
   (You found it on level 4 of the Dungeon)

   Int:       It affects your intelligence (+3).
Armour
 b - a +0 leather armour (worn)
Wands
 g - a wand of digging (3)
Scrolls
 c - a scroll of fog
 d - a scroll of magic mapping
 e - a scroll of fear
 j - a scroll of identify {unknown}
Potions
 f - a potion of haste
 h - a potion of curing {unknown}


   Skills:
 + Level 3.2 Fighting
 + Level 2.4 Long Blades
 + Level 2.2 Dodging
 + Level 5.6 Stealth


You had 2 spell levels left.
You didn't know any spells.
Your spell library was empty.

Dungeon Overview and Level Annotations

Branches:
Dungeon (5/15)             Temple (0/1) D:5

Altars:

Portals:
Sewer: D:4


Innate Abilities, Weirdness & Mutations

You have a beak for a mouth.
You have claws for feet.


Message History

You feel sick. The kobold hits you with a +0 whip.
You slash the kobold! You freeze the kobold.
You kill the kobold!
You feel sick.
You feel sick.
Things that are here:
a +0 whip; 6 poisoned darts; a kobold corpse You feel sick.
You feel sick.
You are no longer poisoned.
A worm, a ball python and a rat come into view.
Found a glowing drain.
A ball python comes into view.
Found a stone staircase leading down.
Found a spear.
Found 13 gold pieces.
You enter the shallow water.
Moving in this stuff is going to be slow.
The ball python closely misses you. x2; The ball python misses you.
The ball python grabs you. The ball python constricts you.
Your unstable footing causes you to fumble your attack.
The ball python barely misses you. The ball python constricts you.
The ball python loses its grip on you. The worm bites you!
* * * LOW HITPOINT WARNING * * *
Your unstable footing causes you to fumble your attack.
The ball python barely misses you. The ball python grabs you.
The ball python constricts you.
* * * LOW HITPOINT WARNING * * *
The ball python bites you.
* * * LOW HITPOINT WARNING * * *
The ball python barely misses you.
The ball python bites you but does no damage.
The ball python constricts you.
Your unstable footing causes you to fumble your attack.
The ball python barely misses you.
The ball python bites you but does no damage.
The ball python constricts you.
* * * LOW HITPOINT WARNING * * *
The worm splashes around in the water.
The ball python bites you.
You die...

########...... ##).....
#....... #.......
####### ###......$
#∩~~~.# #.........
#~~~~.# #.....####
#wSr~.###.....# ..
#@S~...#......#...
.)#~~....#..........
.............#.....#####
...................#
.......###..###....#
#.....$ #..## ######
#......+..## #......#>#
#......#.


You could see a worm, 2 ball pythons and a rat (asleep).

Vanquished Creatures
  An iguana (D:4)
  A kobold (D:4)
2 creatures vanquished.

Notes
Turn   | Place    | Note
-------+----------+-------------------------------------------
     0 | D:5      | AccursedSamuel the Tengu Delver began the quest for the
                  | Orb.
     0 | D:5      | Reached XP level 1. HP: 14/14 MP: 2/2
     8 | D:5      | Found a staircase to the Ecumenical Temple.
    54 | D:4      | Noticed an iguana
    63 | D:4      | Killed an iguana
    64 | D:4      | Reached XP level 2. HP: 18/19 MP: 3/3
    64 | D:4      | Reached XP level 3. HP: 21/23 MP: 4/4
   107 | D:4      | Identified the +1 war axe of Kemuffou {freeze, Int+3}
   129 | D:4      | Found a glowing drain.
   142 | D:4      | Slain by a ball python

Illustrated notes

Levels and vault maps discovered:
D:4:      layout_basic, gammafunk_temple_overflow_forgotten,
          portal_sewer_entry_b
D:5:      layout_rooms, mainiacjoe_overflow_two_lobes, temple_pool_b,
          serial_shops, nicolae_shop_window_shopping, ebering_ghost_inner_flame

Action                     || total
---------------------------++-------
  Melee: Falchion          ||     6
         Peck              ||     3
         Kick              ||     2
         War axe           ||     4
 Armour: Leather armour    ||     2
  Dodge: Dodged            ||    12
